[Event "GER-ch Youth-U14 2022"]
[Site "Willingen"]
[Date "2022.06.11"]
[Round "9.2"]
[White "Deuer, Marius"]
[Black "Klaska, Philipp Leon"]
[Result "1-0"]
[ECO "A34"]
[WhiteElo "2359"]
[BlackElo "1946"]
[Annotator "TA"]
[PlyCount "81"]
[EventDate "2022.06.05"]
[EventType "swiss"]
[EventRounds "9"]
[EventCountry "GER"]
[SourceTitle "playchess.com"]
[Source "ChessBase"]
[SourceQuality "1"]
[TimeControl "40/4500+30:900+30"]

1. c4 Nf6 2. Nc3 c5 3. Nf3 d5 4. cxd5 Nxd5 5. e3 Nc6 6. Bb5 e6 {[%emt 0:05:51] A34: Symmetrical English: 2 Nc3, lines with ...d5.} 7. O-O Be7 8. Ne5 Bd7 {[%emt 0:04:52] The position is equal.} 9. Bxc6 Bxc6 10. Nxc6 bxc6 11. Na4 O-O 12. b3 Nb6 13. Nb2 {[%emt 0:00:56] [#]} Qd5 $146 (13... a5 $11) ({Predecessor:} 13... Bf6 14. Qc2 Qd5 15. Rb1 Rfd8 16. Rd1 Bxb2 17. Bxb2 c4 18. Bc3 cxb3 19. axb3 Qd3 {½-½ (46) Oboladze,L (2318)-Piyumantha,M (2167) Konya 2018}) 14. Qc2 $14 Rfd8 15. d3 Bf6 16. Rd1 Rd7 17. a4 (17. e4 $14 {deserves consideration.} Qh5 18. Be3) 17... a5 18. Rb1 Qd6 19. e4 Bd4 20. Qe2 Rb8 21. Be3 Rdb7 22. Qd2 Qc7 (22... h6 $11 {remains equal.}) 23. Qxa5 $16 Nd5 24. Qxc7 Nxc7 25. Bxd4 (25. Nc4 $1 $14 {was preferrable.}) 25... cxd4 $11 26. Rbc1 Rxb3 27. Rxc6 Rxb2 (27... Ne8 $5 28. Nc4 Rxd3 $11) 28. Rxc7 {[%emt 0:00:05][%mdl 4096] Endgame KRR-KRR} Rd2 29. Rcc1 Rxd1+ (29... Ra2 $11 {keeps the balance.}) 30. Rxd1 {[%emt 0:00:01] KR-KR} Kf8 (30... Ra8 $16 {was necessary.}) 31. Ra1 Ke7 32. f4 Kd7 {[%emt 0:00:56] [#]} 33. a5 $1 Kc7 {[%emt 0:01:01] [#]} (33... f6 $142 34. Ra4 Ra8 35. Rxd4+ Kc6) 34. Ra4 $1 $18 Rd8 35. Rb4 Rd6 36. Kf2 Ra6 37. Rc4+ ({Weaker is} 37. Rxd4 Rxa5 38. Rc4+ Kd6 $16) 37... Kb8 38. Rxd4 Rxa5 39. Rd8+ Kc7 40. Rf8 f6 41. Rf7+ {[%emt 0:16:10] Weighted Error Value: White=0.07 (flawless) /Black=0.24 (precise)} 1-0

[Event "GER-ch Youth-U14 2022"]
[Site "Willingen"]
[Date "2022.06.11"]
[Round "9.3"]
[White "Sreyas Payyappat"]
[Black "Kocharin, Timur"]
[Result "1-0"]
[ECO "B32"]
[WhiteElo "2169"]
[BlackElo "1867"]
[Annotator "TA"]
[PlyCount "93"]
[EventDate "2022.06.05"]
[EventType "swiss"]
[EventRounds "9"]
[EventCountry "GER"]
[SourceTitle "playchess.com"]
[Source "ChessBase"]
[SourceQuality "1"]
[TimeControl "40/4500+30:900+30"]

1. e4 c5 2. Nf3 Nc6 3. d4 cxd4 4. Nxd4 e5 5. Nb5 d6 6. c4 Be7 7. N1c3 a6 8. Na3 f5 9. exf5 Bxf5 10. Bd3 Be6 11. O-O Nf6 12. Be3 {[%emt 0:00:49] B32: Sicilian: Löwenthal and Kalashnikov Variations.} O-O 13. Nd5 {[%emt 0:02:50] Inhibits Nb4.} Rc8 14. Rc1 {[%emt 0:04:02] [#] The position is equal.} e4 $146 (14... Kh8 $11) ({Predecessor:} 14... Kh8 15. Nb6 Rb8 16. Be2 Qe8 17. Nb1 Qg6 18. Kh1 e4 19. Nc3 Ne5 20. Ncd5 Nxd5 21. Nxd5 {½-½ (29) Sadvakasov,D (2611)-Lautier,J (2676) Moscow 2004}) 15. Nxf6+ $14 Bxf6 16. Bxe4 Bxb2 {[%emt 0:03:41] [#]} 17. Bxh7+ $1 Kh8 {[%emt 0:06:56] [#]} 18. Qh5 $1 {[%emt 0:07:25] Threatening mate with Bg6+.} Bg4 $1 19. Qxg4 Kxh7 20. Rb1 Bxa3 21. Bg5 {[%emt 0:01:59] Prevents Qf6.} ({Inferior is} 21. Rxb7 Qf6 22. Rb3 Bc5 23. Bxc5 dxc5 $17) 21... Qa5 {[%emt 0:10:26] aiming for ...Qf5.} 22. Qh3+ ({Stronger than} 22. Rxb7 Qf5 23. Qh4+ Kg8 $17) 22... Kg8 {[%emt 0:04:11] And now ...Rc7 would win.} 23. Qe6+ Kh7 $1 {[%emt 0:01:18] ...Qf5 is the strong threat.} (23... Kh8 $2 24. Rb3 Qxg5 25. Rh3+ Qh6 26. Rxh6+ gxh6 27. Qxh6+ Kg8 28. Qe6+ Kg7 29. Qg4+ Kf7 30. Qf3+ Ke7 31. Qxa3 $18) 24. Rb3 Qxg5 25. Rh3+ Qh6 26. Qe4+ Kh8 {[%emt 0:01:31] Hoping for ...Qxh3.} 27. Qe3 {[%emt 0:01:32][%mdl 64] Pin} Bc5 28. Rxh6+ gxh6 29. Qxh6+ Kg8 {[%emt 0:00:05] [#]} 30. Qg6+ $1 {[%emt 0:02:27][%mdl 1024] White has strong compensation.} Kh8 31. Kh1 Rc7 32. f4 Ne5 (32... Rh7 $16 {is a better defense.}) 33. Qh6+ $18 Kg8 34. g4 {[%emt 0:10:25] Really sharp!} (34. Rd1 $16 Nc6 35. Rd5) 34... Rg7 $2 (34... Rh7 $11 35. Qe6+ Kh8) 35. Qe6+ Kh8 {[%emt 0:00:38] [#]} 36. g5 ({Don't play} 36. Qh6+ $6 Kg8 $16) 36... Nc6 $2 (36... b6 37. Kg2 Rgf7) 37. Rf3 {[%emt 0:03:35] White wants to mate with g6.} Rh7 38. Rh3 Rxh3 39. Qxh3+ Kg7 40. Qh6+ Kf7 41. g6+ Ke8 42. g7 Rg8 43. Qg6+ Ke7 44. f5 {[%emt 0:00:00] Qe6+ would kill now.} Nd8 {[%emt 0:00:00] Prevents Qe6+.} 45. f6+ Kd7 46. f7 (46. Qh7 $142 Bd4 47. Qxg8 Bxf6 48. Qh7 Bxg7 49. Qxg7+ Ke6 50. Kg2) 46... Nxf7 47. Qxf7+ {[%emt 0:00:00] Weighted Error Value: White=0.07 (flawless) /Black=0.58} 1-0

[Event "GER-ch Youth-U14 2022"]
[Site "Willingen"]
[Date "2022.06.11"]
[Round "9.4"]
[White "Sommer, Justus"]
[Black "Möller, Maurin"]
[Result "1-0"]
[ECO "B40"]
[WhiteElo "1868"]
[BlackElo "1780"]
[Annotator "NA RC COMBH"]
[PlyCount "111"]
[EventDate "2022.06.05"]
[EventType "swiss"]
[EventRounds "9"]
[EventCountry "GER"]
[SourceTitle "playchess.com"]
[Source "ChessBase"]
[SourceQuality "1"]
[TimeControl "40/4500+30:900+30"]

1. e4 c5 2. Nf3 e6 3. c3 d5 4. exd5 Qxd5 5. d4 Nf6 6. Na3 a6 7. Be3 Nbd7 8. Bc4 Qc6 9. O-O b5 10. Be2 Be7 11. dxc5 Nxc5 12. Nd4 Qc7 13. Bf3 Nce4 14. Nac2 O-O 15. a4 Rb8 16. axb5 axb5 17. Qd3 Nc5 18. Qe2 Bd7 19. Nb4 Rb6 20. Qc2 g6 {[%emt 0:08:49] [#]} 21. Nb3 $1 Bc8 22. Nd3 Nxb3 (22... Nfd7 $16 23. Nbxc5 Nxc5) 23. Qxb3 Rb8 24. Ba7 e5 25. Bxb8 Qxb8 26. Nb4 ({Much less strong is} 26. Ra8 $6 Qc7 $16) 26... Be6 {[%emt 0:06:55] [#]} 27. Qd1 $1 e4 28. Nc6 Qc7 29. Nxe7+ Qxe7 30. Be2 Nd5 31. Qd4 Nf4 $18 32. Rfe1 Qg5 33. Bf1 Bc4 34. g3 Bxf1 35. Kxf1 Nd3 36. Rxe4 Rd8 37. Qe3 Qf5 38. Re8+ Rxe8 39. Qxe8+ Kg7 40. Qe3 h5 41. Qd4+ Kh7 42. Rd1 Nxb2 43. Rd2 Nc4 44. Re2 Qc8 (44... Qg4 $142 45. Qf6 Qf5 46. Qxf5 gxf5) 45. Qd5 Qc7 46. Re8 Nd6 47. Re3 Nc4 48. Re2 Qa7 49. Re8 f6 50. h4 Qg7 51. Rb8 Kh6 52. Rg8 Qh7 53. Qd8 Qf7 54. Rf8 Ne3+ 55. fxe3 Qc4+ 56. Kg1 1-0

[Event "GER-ch Youth-U14 2022"]
[Site "Willingen"]
[Date "2022.06.11"]
[Round "9.5"]
[White "Besou, Hussain"]
[Black "Krüger, Arthur"]
[Result "1-0"]
[ECO "D27"]
[WhiteElo "2094"]
[BlackElo "1988"]
[Annotator "TA"]
[PlyCount "113"]
[EventDate "2022.06.05"]
[EventType "swiss"]
[EventRounds "9"]
[EventCountry "GER"]
[SourceTitle "playchess.com"]
[Source "ChessBase"]
[SourceQuality "1"]
[TimeControl "40/4500+30:900+30"]

1. d4 d5 2. c4 dxc4 3. e3 Nf6 4. Nf3 e6 5. Bxc4 c5 6. O-O a6 7. a4 cxd4 8. exd4 Nc6 9. Nc3 Be7 10. Re1 O-O 11. Bg5 h6 12. Bh4 Bd7 13. Rc1 Re8 {[%emt 0:04:22] [#] D27: Queen's Gambit Accepted: Classical main line: 7 e4!? and 7 a4.} 14. Bg3 $146 ({Predecessor:} 14. Ne5 Rc8 15. Ba2 Nxe5 16. dxe5 Nd5 17. Bxe7 Nxe7 18. Ne4 Rxc1 19. Qxc1 Bxa4 20. Nd6 {½-½ (50) Neyman,I (2328)-Schlosser,P (2507) Austria 2021}) 14... Bb4 15. Ne5 Rc8 {[%emt 0:05:06] The position is equal.} 16. Ba2 Nd5 17. Nd3 Qa5 18. Nxb4 Ncxb4 (18... Qxb4 {is more complex.} 19. Nxd5 exd5 20. Bxd5 Rxe1+ 21. Qxe1 Qxb2 22. h3 Qxd4 23. Qe4 Qxe4 24. Bxe4 Nd4) 19. Bb3 Rc6 20. Re5 f6 21. Re1 Rec8 22. Qf3 ({Better is} 22. h3 $11) 22... Kh8 (22... Nxc3 $15 23. bxc3 Nd5) 23. h4 $11 Nxc3 24. bxc3 ({Much weaker is} 24. Rxc3 Nd5 25. Bxd5 Rxc3 26. bxc3 Rxc3 $17) 24... Qb6 (24... Nd5 $11 {remains equal.} 25. c4 {[#]} Rxc4 $1 26. Bxc4 Rxc4) 25. c4 $16 {[%emt 0:03:40] White is more active.} Be8 $2 {[%emt 0:03:25] Black cannot hold the game after this.} (25... Qxd4 $2 26. Red1 Qc5 27. Rxd7 $18) (25... Qd8 $16) 26. c5 $18 Qa5 (26... Qd8 {was called for.} 27. Bxe6 Rxe6) 27. Rxe6 {[%emt 0:01:18] Strongly threatening Re7.} Rxe6 28. Bxe6 Rd8 29. Qxb7 Rxd4 30. Qe7 Qd8 31. Qf8+ Kh7 32. Bd6 {[%emt 0:00:10] Intending h5 and mate.} Nc6 33. Bg8+ {[%emt 0:00:10] A strong pair of Bishops.} (33. Qg8+ $142 Kg6 34. g4 Rxg4+ 35. Bxg4 Ne5 36. h5+ Kg5 37. Qxg7+ Ng6 38. Rc4) 33... Kg6 34. Re1 Ne5 35. Rxe5 Rd1+ 36. Kh2 fxe5 {[%emt 0:00:13] [#]} 37. Bf7+ $1 Kf5 (37... Bxf7 38. Qxd8) 38. Bxe8+ Qf6 39. Bd7+ Kf4 40. Qxf6+ gxf6 41. Bc8 a5 42. Be7 {[%emt 0:00:00] Black must now prevent c6.} Rc1 43. Bd7 {[%emt 0:00:00] aiming for c6.} Ke4 44. c6 {[%emt 0:00:00] Bd8 is the strong threat.} Kd5 45. Bxf6 (45. g4 $142 Rc2 46. Kg3) 45... Kd6 46. Bd8 Rc4 47. Bxa5 Rxh4+ 48. Kg3 Rxa4 49. Bd8 Ra8 50. Bb6 Ra4 51. Be3 h5 52. Kf3 Kc7 53. Bc5 Rc4 54. Be7 Ra4 55. Be8 {[%emt 0:00:00][%cal Oe7d8] Hoping for Bd8+!} h4 {[%emt 0:01:11] [#]} 56. Bd8+ $1 Kc8 (56... Kd6 57. c7) 57. c7 {Weighted Error Value: White=0.11 (very precise) /Black=1.32} (57. Bb6 $142 Rf4+ 58. Ke3 Rc4 59. Bd7+ Kb8 60. Kd3 Rc1 61. Kd2 Rc4 62. Kd3) 1-0

[Event "GER-ch Youth-U14 2022"]
[Site "Willingen"]
[Date "2022.06.11"]
[Round "9.6"]
[White "Hagner, Bennet"]
[Black "Fruth, David"]
[Result "1-0"]
[ECO "B27"]
[WhiteElo "2186"]
[BlackElo "1648"]
[Annotator "TA"]
[PlyCount "95"]
[EventDate "2022.06.05"]
[EventType "swiss"]
[EventRounds "9"]
[EventCountry "GER"]
[SourceTitle "playchess.com"]
[Source "ChessBase"]
[SourceQuality "1"]
[TimeControl "40/4500+30:900+30"]

1. e4 c5 2. Nf3 g6 3. d4 Bg7 4. c3 cxd4 5. cxd4 Nf6 6. Nc3 d6 7. h3 O-O 8. Be2 b6 9. O-O Bb7 10. Bd3 Nc6 11. Be3 Nb4 12. Bb1 d5 {[%emt 0:01:05] B50: Sicilian: 2...d6, Miscellaneous.} 13. e5 {[%emt 0:02:14] Black must now prevent Qb3.} Ne4 {[%emt 0:00:24] [#]} 14. Ne2 $146 ({Predecessor:} 14. Re1 e6 15. Nxe4 dxe4 16. Ng5 Nd3 17. Bxd3 exd3 18. Nf3 Qd7 19. Rc1 Rfc8 20. Qd2 {0-1 (35) Baudrexel,S-Gruebner,C Hofheim 1995}) 14... Kh8 (14... Nc6 $11 {keeps the balance.}) 15. Ne1 {[%emt 0:07:01] And now f3 would win.} Ba6 (15... f6 $1 $14) 16. Nd3 $1 $16 (16. f3 Bxe2 17. Qxe2 Ng3 $15) 16... Bxd3 (16... Nc6 $2 17. Qa4 Bb7 18. f3 $18) 17. Bxd3 {[%emt 0:00:07] f3 is the strong threat.} f6 18. f3 $36 {[%emt 0:01:48][%mdl 2048] White is really pushing.} Ng5 19. Bxg5 fxg5 20. Bb5 a5 (20... a6 $16) 21. Qb3 $18 (21. a3 Na6 22. Rc1 Nc7 $16) 21... Bh6 22. g4 e6 23. Rac1 Na6 24. Rc6 Nc7 25. Kg2 ({Resist} 25. Rxb6 $6 Nxb5 26. Qxb5 Qe7) 25... Rb8 (25... Qb8 {was worth a try.} 26. a4 Nxb5) 26. Rfc1 Nxb5 27. Qxb5 Qd7 28. Qa6 Qf7 29. Qd3 {[%emt 0:02:10] Active counter play!} Rb7 30. a4 Rfb8 31. Rc8+ (31. Nc3 $142 $1) 31... Bf8 $16 32. Rxb8 Rxb8 33. Qb5 {[%emt 0:01:20] Inhibits Qd7.} Bb4 34. Qc6 Rb7 {[%emt 0:01:12] [#]} (34... Bd2 $11 {remains equal.} 35. Rd1 Bb4) 35. Qc8+ $1 Kg7 36. Rc6 b5 (36... Re7 $16) 37. axb5 $18 ({And not} 37. Rxe6 Rc7 38. Qb8 Rc2 $11) ({Weaker is} 37. Qxe6 Qxe6 38. Rxe6 bxa4 $15) 37... Rxb5 38. Rxe6 Bf8 $2 (38... Rb7 39. Rc6 Qd7 40. Qxd7+ Rxd7) 39. Rf6 Qe7 {[%emt 0:00:21] [#]} 40. Rxf8 $1 {[%emt 0:00:11][%mdl 512] Intending Rg8+ and mate.} Rxb2 41. Rg8+ Kh6 42. Kf2 {[%emt 0:00:31][%cal Oh3h4] White threatens h4! and mate.} a4 43. Qf8+ (43. h4 $142 Rd2 44. hxg5+ Kxg5 45. Qc1 Qb4 46. Kg3 h5 47. Rh8 hxg4 {[#]} 48. Qc8 $1 Rxd4 49. Qd8+ Qe7 50. Qxe7+ Kf5 51. Nxd4#) 43... Qxf8 44. Rxf8 a3 45. Ra8 a2 46. Ke3 Rb3+ 47. Kf2 Rb2 48. Ra7 {[%emt 0:00:01] Weighted Error Value: White=0.18 (very precise) /Black=0.59} 1-0

[Event "GER-ch Youth-U14 2022"]
[Site "Willingen"]
[Date "2022.06.11"]
[Round "9.7"]
[White "Haubold, Christian Lucas"]
[Black "Wunderlich, Elias"]
[Result "0-1"]
[ECO "C07"]
[WhiteElo "1921"]
[BlackElo "1619"]
[Annotator "TA"]
[PlyCount "96"]
[EventDate "2022.06.05"]
[EventType "swiss"]
[EventRounds "9"]
[EventCountry "GER"]
[SourceTitle "playchess.com"]
[Source "ChessBase"]
[SourceQuality "1"]
[TimeControl "40/4500+30:900+30"]

1. e4 e6 2. d4 d5 3. Nd2 c5 4. exd5 Qxd5 5. Ngf3 cxd4 6. Bc4 Qd6 7. O-O Nf6 8. Nb3 Nc6 9. Nbxd4 Nxd4 10. Nxd4 Be7 11. c3 O-O 12. Qf3 Qc7 13. Bb3 {[%emt 0:00:00] C07: French Tarrasch: 3...c5, 4 Ngf3 and 4 exd5 Qxd5.} a5 $1 {[%emt 0:00:00][%cal Ba7a5,Ba5a4][%mdl 4] is recently more successful than 13...Bd7.} 14. Bg5 a4 {[%emt 0:00:00] And now ...e5 would win.} 15. Bc2 {[%emt 0:00:28] [#] The position is equal.} h6 $146 ({Predecessor:} 15... Ra5 16. Bh4 Bd7 17. Rad1 Rd8 18. Rfe1 Be8 19. Be4 Nxe4 20. Bxe7 Qxe7 21. Rxe4 {½-½ (21) Gukesh,D (2536)-Bluebaum,M (2610) Karlsruhe 2019}) 16. Bf4 Qa5 (16... e5 $11 {keeps the balance.} 17. Bg3 a3) 17. Rfe1 $16 Nd5 18. Bd2 (18. Be5 $16) 18... Re8 19. Re5 ({White should try} 19. Qd3 $16 {White threatens Qh7+ and mate.} Nf6 20. Bf4) 19... Bf6 $11 20. Re4 Bd7 21. Rg4 (21. Rd1 $11) 21... h5 $1 $15 (21... e5 22. Nf5 h5 23. Nh6+ Kf8 24. Rxg7 Kxg7 25. Qxh5 $16) 22. Re4 Ne7 (22... g6 $15) 23. Re2 e5 24. Nf5 {[%emt 0:06:03][%mdl 8192] Loses the game.} ({Avoid the trap} 24. Qxh5 $2 g6 25. Qf3 Qb6 $19) (24. Qxb7 $11 Qd8 25. Nf3) 24... Nxf5 $19 25. Bxf5 {[%emt 0:00:21] [#]} e4 $1 26. Bxe4 Bg4 27. Qd3 Bxe2 28. Qxe2 Rad8 29. Re1 {[%emt 0:02:15] [#]} (29. Be1 $142) 29... Qc5 (29... Rxe4 $142 $1 30. Qxe4 Rxd2 31. Qxb7 g6) 30. Kf1 {[%emt 0:01:57] [#]} (30. Bc1) 30... Rxe4 $1 31. Qxe4 Rxd2 32. Qe8+ Kh7 33. Qe4+ (33. Re2 $142 Rd1+ 34. Re1) 33... g6 34. Qf3 Kg7 35. b3 Rxa2 36. bxa4 Qc4+ 37. Kg1 Qxc3 38. Rb1 Ra1 39. Qd1 Rxb1 40. Qxb1 Qa1 41. Qxa1 Bxa1 {[%emt 0:15:10][%mdl 4096] Endgame KB-KP} 42. Kf1 Kf6 43. Ke2 Ke5 44. Kd3 Kd5 {[%emt 0:00:12] aiming for ...Kc5.} 45. f3 g5 46. g4 hxg4 {[%emt 0:00:49] Black mates.} 47. fxg4 Bd4 48. h3 b6 {[%emt 0:00:11] Weighted Error Value: White=1.42/Black=0.27 (precise)} 0-1

[Event "GER-ch Youth-U14 2022"]
[Site "Willingen"]
[Date "2022.06.11"]
[Round "9.8"]
[White "Huber, Benedikt"]
[Black "Haubold, Sebastian Marcel"]
[Result "0-1"]
[ECO "B90"]
[WhiteElo "2288"]
[BlackElo "1869"]
[Annotator "TA"]
[PlyCount "76"]
[EventDate "2022.06.05"]
[EventType "swiss"]
[EventRounds "9"]
[EventCountry "GER"]
[SourceTitle "playchess.com"]
[Source "ChessBase"]
[SourceQuality "1"]
[TimeControl "40/4500+30:900+30"]

1. e4 c5 2. Nf3 d6 3. d4 cxd4 4. Nxd4 Nf6 5. Nc3 a6 6. Bd3 e5 7. Nde2 Be7 8. O-O O-O 9. Ng3 {[%emt 0:00:00] B90: Sicilian Najdorf: Unusual White 6th moves, 6 Be3 Ng4 and 6 Be3 e5.} Be6 10. Nd5 Bxd5 11. exd5 {[%emt 0:00:00] The position is equal.} g6 {[%emt 0:00:00] Prevents Nf5.} 12. Bh6 Re8 13. c4 Nbd7 14. a3 {[%emt 0:00:00] [#]} Rb8 $146 ({Predecessor:} 14... a5 15. b3 Bf8 16. Bxf8 Kxf8 17. Re1 Kg7 18. Qd2 Ng4 19. b4 b6 20. Bc2 f5 {1-0 (40) Schneider,J (2263)-Ziegenfuss,A (2260) Darmstadt 2022}) 15. Qe2 Nc5 16. Rad1 (16. Bc2 $11) 16... Nxd3 $15 17. Rxd3 Qc8 18. Rc3 Ng4 19. Be3 f5 20. Ba7 Ra8 21. Bb6 Bd8 22. Bxd8 Qxd8 23. b4 Qh4 {[%emt 0:06:33][%csl Gg4][%cal Rh4h2] [#]} 24. h3 Nf6 25. Rd1 e4 26. Rd4 Qf4 27. Qe3 Qe5 {[%emt 0:00:31] And now ...f4 would win.} 28. Ne2 {[%emt 0:01:08] Prevents f4.} Nh5 29. g3 {[%emt 0:00:41] Against f4} Qf6 30. c5 g5 $1 {[%emt 0:01:59] Threatens to win with ...f4.} 31. Qd2 f4 {[%emt 0:00:31][%cal Oe4e3,Bf5f4,Bf4f3,Bf3e2][%mdl 32] Strongly threatening ...e3!} 32. g4 Ng7 33. c6 $36 {[%emt 0:01:07][%mdl 2048] White has some pressure.} Qe5 34. cxb7 Rab8 35. Rc7 {[%emt 0:01:02] Hoping for Qc3.} (35. Rcc4 $5 e3 36. fxe3 fxe3 37. Qc1 $14) 35... e3 $1 36. fxe3 ({But not} 36. Qd3 $2 f3 37. Qxe3 (37. Ng3 $2 e2 $19) 37... fxe2 $19) 36... f3 {[%emt 0:00:36] Dancing on a razor blade.} 37. Qc2 {[%emt 0:01:33][%mdl 8192] [#]} (37. Nf4 $11) 37... Qxe3+ 38. Kh1 fxe2 {[%emt 0:00:15] Weighted Error Value: White=0.37/Black=0.06 (flawless)} 0-1

[Event "GER-ch Youth-U14 2022"]
[Site "Willingen"]
[Date "2022.06.11"]
[Round "9.9"]
[White "Mueller, Maximilian"]
[Black "Campora, Daniel H."]
[Result "1/2-1/2"]
[ECO "B23"]
[WhiteElo "2299"]
[BlackElo "2397"]
[Annotator "TA"]
[PlyCount "83"]
[EventDate "2022.06.05"]
[EventType "swiss"]
[EventRounds "9"]
[EventCountry "GER"]
[SourceTitle "playchess.com"]
[Source "ChessBase"]
[SourceQuality "1"]
[TimeControl "40/4500+30:900+30"]

1. e4 c5 2. Nc3 e6 3. f4 Nc6 4. Bb5 a6 5. Bxc6 bxc6 6. Nf3 d5 7. d3 Bd6 {[%emt 0:01:55] B23: Closed Sicilian: Lines without g3.} 8. O-O Ne7 9. Ne2 (9. b3 $16) 9... O-O {[%emt 0:14:13] [#]} 10. c4 $146 ({Predecessor:} 10. c3 Ng6 11. Qc2 a5 12. Be3 Ba6 13. e5 Be7 {½-½ (13) Braggaar,L-Ten Vergert,P Hengelo 2004}) 10... f6 11. Qe1 Bd7 12. Be3 (12. Nc3 $14) 12... Nc8 (12... Ng6 $11) 13. Ng3 {[%emt 0:03:02] White is more active.} Be8 14. Rd1 Bf7 15. b3 d4 16. Bd2 e5 (16... Be7 $1 $14) 17. f5 (17. fxe5 $16 fxe5 18. Ng5) 17... Qb6 (17... Nb6 $11) 18. Ne2 $1 $16 a5 19. Nc1 a4 20. Qh4 axb3 21. axb3 Be7 22. g4 Ra7 23. Kh1 g5 (23... Qd8 $1 $14) 24. Qh6 $18 {[%emt 0:05:25][%cal Rf3g5] Black must now prevent Nxg5!} Re8 {[%emt 0:03:17] [#]} 25. h4 $2 {[%emt 0:00:47] [#]} (25. Bxg5 $1 $18 fxg5 26. Nxe5 (26. f6 Bf8 $14)) 25... Bf8 $1 $17 (25... gxh4 $2 26. g5 (26. Nxe5 fxe5 27. g5 Bf8 $11) 26... Bf8 27. Qxh4 $18) 26. Qxf6 {[%emt 0:00:06] [#]} Bg7 $1 27. Ba5 Qxa5 28. Qxg5 h6 29. Qd2 Qxd2 30. Rxd2 Kf8 (30... Nb6 $17 31. g5 Bh5) 31. g5 $11 hxg5 32. hxg5 Bh5 33. Kg2 Bxf3+ 34. Kxf3 Kf7 35. Rh2 {[%emt 0:03:34] Threatening Kg4.} Rh8 36. Rxh8 Bxh8 {[%emt 0:00:01] The position is equal.} 37. f6 Kg6 {[%emt 0:00:47] Threatens to win with ...Nd6.} (37... Nd6 $5 38. Rh1 Bxf6 39. gxf6 Ke6 $11) 38. Rh1 Rh7 39. Rxh7 Kxh7 40. Kg4 {[%emt 0:00:06] Kf5 is the strong threat.} Kg6 41. Ne2 Nd6 {[%emt 0:16:43] Strongly threatening ...Nf7.} 42. Ng1 $1 {[%emt 0:00:05] Weighted Error Value: White=0.29 (precise) /Black=0.23 (precise)} 1/2-1/2

[Event "GER-ch Youth-U14 2022"]
[Site "Willingen"]
[Date "2022.06.11"]
[Round "9.10"]
[White "Udelnov, Valentin"]
[Black "Torosyan, Bagrat"]
[Result "1/2-1/2"]
[ECO "B90"]
[WhiteElo "1901"]
[BlackElo "1683"]
[Annotator "TA"]
[PlyCount "108"]
[EventDate "2022.06.05"]
[EventType "swiss"]
[EventRounds "9"]
[EventCountry "GER"]
[SourceTitle "playchess.com"]
[Source "ChessBase"]
[SourceQuality "1"]
[TimeControl "40/4500+30:900+30"]

1. e4 c5 2. Nf3 d6 3. d4 cxd4 4. Nxd4 Nf6 5. Nc3 a6 6. Be3 e5 7. Nb3 Be6 8. f3 Be7 9. Qd2 O-O 10. O-O-O Nbd7 11. g4 b5 12. Kb1 {[%emt 0:00:00] B90: Sicilian Najdorf: Unusual White 6th moves, 6 Be3 Ng4 and 6 Be3 e5.} Nb6 $1 {[%emt 0:00:00][%mdl 4] outshines the older 12...b4.} (12... b4 $5 13. Na4 Rb8 $11) 13. g5 Nh5 14. Nd5 {[%emt 0:10:21] The position is equal.} Nxd5 15. exd5 Bf5 16. Na5 f6 17. Nc6 Qc7 {[%emt 0:00:00] [#]} 18. Rg1 $146 (18. h4 $11) ({Predecessor:} 18. gxf6 Bxf6 19. Bd3 Qd7 20. Rhg1 Rae8 21. Be4 Nf4 22. Rc1 g6 23. c4 Kh8 24. c5 dxc5 25. Bxc5 {1-0 (44) Abdusattorov,N (2627)-Drygalov,S (2490) Chess.com INT 2020}) 18... Kh8 (18... fxg5 $15 19. Bxg5 (19. Nxe7+ Qxe7 20. Bxg5 Qc7 $15) 19... Bxg5 20. Qxg5 Qf7) 19. Bd3 (19. h4 $11) 19... Bxd3 (19... fxg5 $1 $15 20. Nxe7 (20. Bxg5 Bxg5 21. Rxg5 Bxd3 $15) 20... Bxd3) 20. Qxd3 {[%emt 0:02:01] [#]} (20. cxd3 $11 {remains equal.} fxg5 21. d4 (21. Bxg5 Bxg5 22. Rxg5 Nf4 $15)) 20... fxg5 $1 $17 21. Bxg5 Bxg5 22. Rxg5 g6 23. Qe3 {[%emt 0:11:10] [#]} (23. Rgg1 $142) 23... Rae8 (23... Qf7 $1 $17 24. Rgg1 Qxf3) 24. Rgg1 Nf4 25. Qe4 Rc8 26. c3 ({White should play} 26. Rd2 $15) 26... Nxd5 27. Qxd5 $11 {[%emt 0:02:14] aiming for Nb4.} Qxc6 28. Qxd6 Qxd6 29. Rxd6 Rxf3 $17 {[%emt 0:00:11][%mdl 4096] Endgame KRR-KRR} 30. Re6 (30. Rxa6 $11 Rc5 31. Rd1) 30... Rd8 (30... Rf2 $15 31. Rxa6 Rxh2) 31. Rg2 Re3 32. Rxa6 e4 33. Re6 Re1+ 34. Kc2 e3 35. Re7 Rf8 (35... Rd5 $11) 36. Rg3 ({White should try} 36. Kb3 $1 $14) 36... Rf2+ 37. Kb3 Ree2 38. Rgxe3 (38. Ka3 $11) 38... Rxb2+ 39. Ka3 Rxa2+ 40. Kb4 Rab2+ 41. Kc5 Rf5+ 42. Kc6 (42. R3e5 $17) 42... Rxh2 $19 43. Rb7 {[%emt 0:00:00] Threatening mate with Re8+.} Rf6+ 44. Kc5 {[%emt 0:00:00] White threatens Re8+ and mate.} Rh5+ 45. Kb4 {[%emt 0:00:00] Intending Re8+ and mate.} Rf4+ 46. Kb3 {[%emt 0:00:00] White wants to mate with Re8+.} Rf8 {[%emt 0:00:00] Prevents Re8.} 47. Ree7 (47. Re4 $142) 47... Rh1 48. Kc2 Rh5 49. Kb3 Rc8 50. Red7 Rh3 51. Kb2 Rh5 ({Worse is} 51... Rhxc3 52. Rxh7+ Kg8 53. Rbg7+ Kf8 54. Rf7+ Kg8 55. Rfg7+ (55. Rhg7+ Kh8 $11) 55... Kf8 56. Rf7+ Kg8 57. Rhg7+ Kh8 58. Rh7+ Kg8 $11) 52. Kb3 Rh1 {[%emt 0:00:00] Hoping for ...g5.} 53. Kc2 Rh2+ (53... g5 $142 {...Rg8 is the strong threat.} 54. Rd5 g4) 54. Kb3 (54. Kd3 $17 {was the only defense.}) 54... Rh5 {[%emt 0:00:00] Weighted Error Value: White=0.32/Black=0.35} (54... Rg8 $19 55. Rd4 g5) 1/2-1/2